 Dungeon Crawl Stone Soup version 0.27-a0-1529-g1e82c303ef (webtiles) character file.

Game seed: 13682653554895991668

20 Demosthentine the Poker (level 2, -3/34 HPs)
             Began as a Merfolk Gladiator on July 12, 2021.
             Slain by an iron imp (6 damage)
             ... summoned by Natasha
             ... on level 2 of the Dungeon.
             The game lasted 00:00:38 (1193 turns).

Demosthentine the Poker (Merfolk Gladiator)         Turns: 1193, Time: 00:00:39

Health: -3/34      AC: 21    Str: 14    XL:     2   Next: 79%
Magic:  2/2        EV:  2    Int:  7    God:
Gold:   80         SH:  0    Dex: 15    Spells: 1/1 levels left

rFire    . . .     SeeInvis .   a - +0 trident
rCold    . . .     Faith    .   (no shield)
rNeg     + + +     Spirit   .   (armour currently unavailable)
rPois    +         Reflect  .   (helmet currently unavailable)
rElec    .         Harm     .   (cloak currently unavailable)
rCorr    .         Rampage  .   (gloves currently unavailable)
Will     .....     NoTele   +   (boots currently unavailable)
Stlth    +.........             (no amulet)
HPRegen  0.11/turn              (no ring)
MPRegen  0.08/turn              (no ring)

@: tree-form, attractive
A: stationary, stasis, torment immunity, boosted hp, (nimble swimmer 2),
(mertail)
a: no special abilities


You were on level 2 of the Dungeon.
You were a tree.
You visited 1 branch of the dungeon, and saw 2 of its levels.

You collected 80 gold pieces.

Inventory:

Hand Weapons
 a - a +0 trident (weapon)
Missiles
 d - 3 throwing nets (quivered)
Armour
 b - a +0 leather armour (melded)
 c - a +0 helmet (melded)
Scrolls
 e - a scroll of teleportation
Potions
 g - a potion of haste {unknown}
 h - a potion of attraction


   Skills:
 + Level 2.5 Fighting
 + Level 4.8 Polearms
 - Level 2.0 Throwing
 + Level 0.6 Armour
 + Level 4.3 Dodging


You had one spell level left.
You didn't know any spells.
Your spell library contained the following spells:

 Spells                   Type           Power      Damage    Failure   Level
 Animate Skeleton         Necr           0%         N/A       43%         1
 Apportation              Tloc           0%         N/A       43%         1
 Corona                   Hex            0%         N/A       43%         1
 Sandblast                Erth           0%         2d4       43%         1
 Summon Small Mammal      Summ           0%         N/A       43%         1
 Passwall                 Tmut/Erth      0%         N/A       56%         2
 Lee's Rapid Deconstruct  Erth           0%         3d5*      100%        5


Dungeon Overview and Level Annotations

Branches:
Dungeon (2/15)

Altars:

Annotations:
D:2 1 runed translucent door, Crazy Yiuf, Natasha


Innate Abilities, Weirdness & Mutations

You are a tree.
Your roots penetrate the ground, keeping you stationary.
You cannot be teleported.
You are immune to unholy pain and torment.
Your maximum health is greatly increased.
Your equipment is partially melded.
((You are quick and stealthy near water. (Stealth+, EV+, Speed+++)))
((Your lower body shifts to a powerful aquatic tail in water.))


Message History

Natasha is nearby!
Natasha hisses angrily.
Natasha casts a spell.
There are monsters nearby!
You reach to attack!
You puncture the shadow imp!
The shadow imp is severely wounded.
Natasha casts a spell.
There are monsters nearby!
You puncture the shadow imp!
You kill the shadow imp!
You closely miss Natasha. Natasha closely misses you.
There are monsters nearby!
You barely miss the shadow imp. Natasha claws you.
The shadow imp gestures at you. Pain shoots through your body!
Unknown command.
Natasha closely misses you.
Unknown command.
You closely miss Natasha.
Natasha casts a spell.
You hit Natasha but do no damage. Natasha closely misses you.
You closely miss Natasha. The iron imp hits you. Natasha closely misses you.
You closely miss Natasha. The iron imp hits you.
* * * LOW HITPOINT WARNING * * *
Natasha barely misses you.
Unknown command.
It was a potion of attraction.
You feel attractive to monsters. The iron imp misses you.
Natasha barely misses you.
You hit Natasha.
Natasha is lightly wounded.
Natasha closely misses you. The iron imp hits you.
* * * LOW HITPOINT WARNING * * *
It was a potion of lignification.
You turn into a tree.
Your +0 helmet melds into your body.
Your +0 leather armour melds into your body.
Your roots penetrate the ground.
Natasha mumbles some strange words.
The iron imp hits you.
You die...

#...# ###.#
....# #####...#
....# #.......#
....###.###.>.#
# ........#
##..# .# #
#...##### #..#
#.#.# #####
#..### #5...#
#....##.....#
#....♣h5...#
#.##5##.$.##
#.##.# #..#
#.##.# #.# #.
.#. .# #. # # #


You could see an iron imp (summoned), Natasha, a crimson imp (summoned) and a
shadow imp (summoned).

Vanquished Creatures
  2 endoplasms (D:1)
  4 hobgoblins (D:1)
  4 kobolds
  A quokka (D:1)
  A ball python (D:1)
  3 bats (D:1)
  A frilled lizard (D:1)
  3 rats (D:1)
19 creatures vanquished.

Notes
Turn   | Place    | Note
-------+----------+-------------------------------------------
     0 | D:1      | Demosthentine the Merfolk Gladiator began the quest for the
                  | Orb.
     0 | D:1      | Reached XP level 1. HP: 16/16 MP: 1/1
    94 | D:1      | You fall into a shaft and drop 1 floor!
   593 | D:1      | Reached XP level 2. HP: 23/23 MP: 2/2
  1155 | D:2      | Found a runed translucent door.
  1156 | D:2      | Noticed Crazy Yiuf
  1177 | D:2      | Noticed Natasha
  1193 | D:2      | Slain by an iron imp

Illustrated notes

Levels and vault maps discovered:
D:1:      dpeg_arrival_boxes_within_box, layout_basic,
          hangedman_decor_diamond_cutter
D:2:      layout_loops_ring, dreamdust_ecumenical_altar_hidden_monk_grotto,
          uniq_natasha, uniq_crazy_yiuf_cottage

Action                   || total
-------------------------++-------
Melee: Trident           ||    71
  Use: Scroll            ||     2
       Potion            ||     2
 Stab: Sleeping          ||     1
Armor: Leather armour    ||    11
Dodge: Dodged            ||    35

Table legend: (Time is in decaauts)
 A = Elapsed time spent in this place.
 B = Non-inter-level travel time spent in this place.
 C = Inter-level travel time spent in this place.
 D = Time resting spent in this place.
 E = Time spent auto-exploring this place.
 F = Levels seen in this place.
 G = Mean time per level.
                   A        B        C        D        E       F      G
               +--------+--------+--------+--------+--------+-----+--------+
         Total |   1198 |   1155 |     43 |      0 |   1013 |   2 |  599.0 |
       Dungeon |   1198 |   1155 |     43 |      0 |   1013 |   2 |  599.0 |
               +--------+--------+--------+--------+--------+-----+--------+

Top non-repeatable levels by time:
     D:1: 1009 daAuts
     D:2: 189 daAuts
